 Dungeon Sprint DCSS version 0.17-a0-1741-gd5e8965 (webtiles) character file.

16000000 ztt the Plane Walker (level 27, -333/273 HPs)
             Began as a Ghoul Warper on Aug 31, 2015.
             Was the Champion of Makhleb.
             Annihilated by a fleshlord
             ... wielding a +9 great mace
              (376 damage)
             ... in the Dungeon (Sprint VIII: "Arena of Blood").
             The game lasted 00:03:18 (160 turns).

ztt the Plane Walker (Ghoul Warper)                  Turns: 160, Time: 00:03:19

Health: -333/273   AC:  6    Str: 19    XL:     27
Magic:  46/53      EV: 32    Int:  8    God:    Makhleb [******]
Gold:   0          SH:  0    Dex: 17    Spells: 2 memorised, 77 levels left

rFire  . . .     SeeInvis +     l - +∞ Axe of Woe
rCold  + . .     Clarity  .     b - +0 leather armour
rNeg   + + +     SustAt   .     (no shield)
rPois  ∞         Gourm    .     (no helmet)
rElec  .         Spirit   .     (no cloak)
rCorr  .         Warding  .     (no gloves)
rMut   .         NoTele   +     (no boots)
MR     ++...                    (no amulet)
Stlth  +++++++++.               (no ring)
                                m - ring of see invisible

@: rotting, slowed, very slow, very resistant to hostile enchantments,
incredibly stealthy
A: rotting body, claws 1, carnivore 3, cold resistance 1, negative energy
resistance 3, slow healing 1, torment resistance, unbreathing
a: Minor Destruction, Lesser Servant of Makhleb, Major Destruction, Greater
Servant of Makhleb, Renounce Religion


You were in the Dungeon.
You worshipped Makhleb.
Makhleb was exalted by your worship.
You were not hungry.

You visited 1 branch

Inventory:

Hand weapons
 a - a +0 hand axe
 l - the +∞ Axe of Woe (weapon)
   (You found it in the Dungeon)
Missiles
 e - 5 tomahawks of dispersal (quivered)
Armour
 b - a +0 leather armour (worn)
Jewellery
 m - a ring of see invisible (left claw)
Scrolls
 d - 2 scrolls of blinking
Potions
 g - a potion of curing
 h - a potion of heal wounds
 i - a potion of haste
 j - 2 potions of magic
 k - a potion of berserk rage
Books
 c - a book of Spatial Translocations

   Spells                             Type                      Level
   a - Apportation                    Translocation                1
   b - Blink                          Translocation                2
   c - Shroud of Golubria             Charms/Translocation         2
   d - Portal Projectile              Translocation                3
   e - Teleport Other                 Translocation                3
   f - Passage of Golubria            Translocation                4
Comestibles
 f - a meat ration


   Skills:
 O Level 27 Fighting
 O Level 27 Axes
 O Level 27 Throwing
 O Level 27 Armour
 O Level 27 Dodging
 O Level 27 Stealth
 O Level 27 Unarmed Combat
 O Level 27 Spellcasting
 O Level 27 Translocations
 O Level 27 Invocations


You had 77 spell levels left.
You knew the following spells:

 Your Spells              Type           Power        Failure   Level  Hunger
a - Apportation           Tloc           ######....   0%          1    None
b - Blink                 Tloc           N/A          0%          2    None


Dungeon Overview and Level Annotations

Branches:
Dungeon (1/1)

Altars:
Makhleb

Annotations:
D The Meatlord


Innate Abilities, Weirdness & Mutations

Your body is rotting away.
You thrive on raw meat.
You are immune to poison.
You have sharp fingernails.
You are carnivorous and can eat meat at any time.
Your flesh is cold resistant.
You are immune to negative energy.
You heal slowly when monsters are visible.
You are immune to unholy pain and torment.
You can survive without breathing.


Message History

You hear a shout! x4
The Meatlord gestures.
Two crawling corpses merge to form a small abomination.
The meat berserker hits you with a +9 battleaxe!!!
You hear a shout! x4
An ogre, a hell beast and 2 ball lightnings come into view.
A sea snake, an orc, a phantom and a ball lightning come into view.
The fleshlord hits you with a +9 great mace!!!!!
Ouch! That really hurt!
You hear a shout! x2
The meat berserker misses you.
You hear a shout!
The meat beast bites you!!
* * * LOW HITPOINT WARNING * * *
The meat beast tramples you!
* * * LOW HITPOINT WARNING * * *
You hold your ground!
The fleshlord hits you with a +9 great mace!!!!!!
Ouch! That really hurt!
You die...

.....#)))....#.........
...*o%1)).....W...W...W
#...VS....).......#... ..
......&D).).p....#... ...
#...**zO*.%).%.##.... #...
.....#.O.)))).#..... #....
.........*).).#..)###..o.#
....##%#..%)p....))).%.#..
...%.....2@O).%.)))...G..
##....#.%x.)####)o......
.........))...#.).....##
......)))x†...)....####
#.%.%.).)..%.%%.####
#################


You could see The Meatlord, a Shadow Fiend (wandering), a meat beast, an
eight-headed meat hydra, a destroyer (wandering), a scourge (wandering), 2
fleshlords, a sculptor of flesh, a wretched soul (wandering), 3 meat berserkers,
2 small abominations, a bag of meat (wandering) and 4 ball lightnings.

Vanquished Creatures
  6 hell knights (D)
  Sigmund (D)
  5 hell beasts (D)
  2 greater mummies (D)
  2 great orbs of eyes (D)
  6 wraiths (D)
  9 vampire knights (D)
  30 ogres (D)
  5 liches (D)
  7 hydras (D)
  52 orcs (D)
  A phantom (D)
  6 hill giants (D)
  7 skeletal warriors (D)
  4 sea snakes (D)
  3 large abominations (D)
  5 small abominations (D)
  11 crawling corpses (D)
162 creatures vanquished.

Vanquished Creatures (others)
  A crawling corpse (D)
1 creature vanquished.

Grand Total: 163 creatures vanquished

Notes
Turn   | Place    | Note
--------------------------------------------------------------
     0 | D        | ztt the Ghoul Warper began the quest for the Orb.
     0 | D        | Reached XP level 1. HP: 17/17 MP: 2/2
     3 | D        | Noticed a bag of meat
     4 | D        | Noticed a bag of meat
     4 | D        | Became a worshipper of Makhleb the Destroyer
     7 | D        | Noticed a bag of meat
     7 | D        | Noticed a bag of meat
     8 | D        | Killed a bag of meat
     8 | D        | Reached skill level 11 in Fighting
     8 | D        | Reached skill level 10 in Spellcasting
     8 | D        | Reached skill level 17 in Translocations
     8 | D        | Reached XP level 2. HP: 20/40 MP: 2/12
     8 | D        | Reached XP level 3. HP: 23/47 MP: 2/13
     8 | D        | Reached XP level 4. HP: 26/55 MP: 2/15
     8 | D        | Reached XP level 5. HP: 28/61 MP: 2/16
     8 | D        | Reached XP level 6. HP: 31/68 MP: 2/18
     8 | D        | Reached XP level 7. HP: 33/74 MP: 2/19
     8 | D        | Reached XP level 8. HP: 36/82 MP: 2/21
     8 | D        | Reached XP level 9. HP: 39/89 MP: 2/22
     8 | D        | Reached XP level 10. HP: 42/96 MP: 2/23
     8 | D        | Reached XP level 11. HP: 44/102 MP: 2/24
     8 | D        | Reached XP level 12. HP: 47/110 MP: 2/25
     9 | D        | Noticed a bag of meat
     9 | D        | Noticed a large bag of meat
     9 | D        | Noticed a meat berserker
     9 | D        | Killed a meat berserker
     9 | D        | Acquired Makhleb's first power
     9 | D        | Reached skill level 21 in Translocations
     9 | D        | Reached XP level 13. HP: 102/124 MP: 2/29
     9 | D        | Reached XP level 14. HP: 108/132 MP: 2/30
    10 | D        | Noticed a meat berserker
    10 | D        | Noticed a bag of meat
    10 | D        | Noticed a meat berserker
    10 | D        | Noticed a bag of meat
    11 | D        | Noticed a bag of meat
    11 | D        | Noticed a meat berserker
    12 | D        | Noticed a bag of meat
    12 | D        | Killed a bag of meat
    12 | D        | Reached skill level 15 in Fighting
    12 | D        | Reached skill level 23 in Translocations
    12 | D        | Killed a bag of meat
    12 | D        | Acquired Makhleb's second power
    12 | D        | Reached skill level 24 in Translocations
    12 | D        | Reached XP level 15. HP: 113/143 MP: 3/32
    12 | D        | Killed a bag of meat
    12 | D        | Reached skill level 15 in Axes
    12 | D        | Reached skill level 5 in Throwing
    12 | D        | Reached skill level 15 in Spellcasting
    12 | D        | Reached skill level 25 in Translocations
    13 | D        | Noticed a bag of meat
    13 | D        | Noticed a meat berserker
    13 | D        | Noticed a bag of meat
    13 | D        | Noticed a bag of meat
    13 | D        | Killed a meat berserker
    13 | D        | Acquired Makhleb's third power
    13 | D        | Reached skill level 15 in Dodging
    13 | D        | Reached skill level 27 in Translocations
    13 | D        | Reached XP level 16. HP: 120/157 MP: 3/35
    13 | D        | HP: 3/157 [meat berserker/+9 battleaxe (58)]
    14 | D        | Noticed a bag of meat
    14 | D        | Noticed a large bag of meat
    14 | D        | Killed a meat berserker
    14 | D        | Reached skill level 5 in Armour
    14 | D        | Reached XP level 17. HP: 100/170 MP: 3/38
    14 | D        | Killed a meat berserker
    14 | D        | Acquired Makhleb's fourth power
    14 | D        | Killed a large bag of meat
    15 | D        | Noticed a bag of meat
    15 | D        | Noticed a bag of meat
    15 | D        | Killed a bag of meat
    15 | D        | Reached XP level 18. HP: 179/189 MP: 4/41
    16 | D        | Noticed a meat berserker
    16 | D        | Killed a bag of meat
    17 | D        | Noticed a bag of meat
    18 | D        | Killed a meat berserker
    18 | D        | Acquired Makhleb's fifth power
    18 | D        | Killed a bag of meat
    18 | D        | Reached skill level 10 in Throwing
    18 | D        | Reached XP level 19. HP: 201/204 MP: 4/44
    19 | D        | Killed a bag of meat
    19 | D        | Killed a bag of meat
    19 | D        | Reached skill level 27 in Fighting
    19 | D        | Reached skill level 10 in Armour
    19 | D        | Killed a bag of meat
    19 | D        | Reached skill level 27 in Axes
    20 | D        | Noticed a bag of meat
    20 | D        | Noticed a bag of meat
    20 | D        | Noticed a meat berserker
    21 | D        | Noticed a destroyer
    21 | D        | Killed a bag of meat
    21 | D        | Reached XP level 20. HP: 216/216 MP: 5/47
    21 | D        | Killed a bag of meat
    22 | D        | Killed a destroyer
    22 | D        | Reached skill level 27 in Dodging
    22 | D        | Reached skill level 27 in Spellcasting
    22 | D        | Killed a bag of meat
    22 | D        | Reached XP level 21. HP: 224/224 MP: 5/51
    22 | D        | Killed a bag of meat
    23 | D        | Killed a meat berserker
    24 | D        | Killed a bag of meat
    25 | D        | Killed a meat berserker
    25 | D        | Reached XP level 22. HP: 233/233 MP: 6/52
    25 | D        | Killed a bag of meat
    26 | D        | Killed a bag of meat
    26 | D        | Reached skill level 27 in Throwing
    26 | D        | Reached skill level 27 in Armour
    27 | D        | Noticed a destroyer
    28 | D        | Noticed a meat berserker
    28 | D        | Killed a bag of meat
    28 | D        | Reached skill level 10 in Stealth
    28 | D        | Killed a large bag of meat
    30 | D        | Noticed a large bag of meat
    30 | D        | Noticed a bag of meat
    31 | D        | Killed a destroyer
    31 | D        | Reached XP level 23. HP: 240/240 MP: 8/53
    32 | D        | Noticed a destroyer
    32 | D        | Noticed a destroyer
    33 | D        | Killed a destroyer
    34 | D        | Noticed a bag of meat
    34 | D        | Killed a meat berserker
    35 | D        | Noticed a meat berserker
    35 | D        | Noticed a bag of meat
    35 | D        | Noticed a sculptor of flesh
    37 | D        | Killed a large bag of meat
    37 | D        | Reached skill level 27 in Stealth
    37 | D        | Reached XP level 24. HP: 151/249 MP: 9/53
    37 | D        | Killed a bag of meat
    38 | D        | Noticed a bag of meat
    39 | D        | Noticed a destroyer
    39 | D        | Killed a destroyer
    39 | D        | Reached skill level 27 in Unarmed Combat
    39 | D        | Reached skill level 27 in Invocations
    40 | D        | Noticed a sculptor of flesh
    41 | D        | Noticed a meat berserker
    41 | D        | Noticed a bag of meat
    41 | D        | Noticed a destroyer
    41 | D        | Noticed a bag of meat
    41 | D        | Noticed a sculptor of flesh
    42 | D        | Killed a meat berserker
    42 | D        | Killed a sculptor of flesh
    44 | D        | Killed a bag of meat
    44 | D        | Reached XP level 25. HP: 257/257 MP: 10/53
    45 | D        | Noticed a meat berserker
    45 | D        | Killed a bag of meat
    45 | D        | Killed a destroyer
    46 | D        | Killed a bag of meat
    46 | D        | Killed a meat berserker
    47 | D        | Noticed a tyrant
    47 | D        | Noticed a meat berserker
    47 | D        | Killed a destroyer
    47 | D        | Reached XP level 26. HP: 266/266 MP: 11/53
    48 | D        | Noticed a meat berserker
    48 | D        | Noticed a destroyer
    48 | D        | Killed a sculptor of flesh
    49 | D        | Noticed a meat berserker
    50 | D        | Noticed a bag of meat
    50 | D        | Noticed an eight-headed meat hydra
    52 | D        | Noticed a bag of meat
    53 | D        | Noticed a bag of meat
    53 | D        | Noticed a bag of meat
    53 | D        | Noticed a bag of meat
    53 | D        | Killed a meat berserker
    54 | D        | Killed a meat berserker
    55 | D        | Noticed a bag of meat
    55 | D        | Noticed a tyrant
    56 | D        | Noticed a large bag of meat
    57 | D        | Killed a destroyer
    57 | D        | Reached XP level 27. HP: 273/273 MP: 14/53
    58 | D        | Killed a meat berserker
    60 | D        | Noticed a bag of meat
    60 | D        | Killed a meat berserker
    61 | D        | Noticed a meat berserker
    61 | D        | Noticed a meat berserker
    61 | D        | Killed a bag of meat
    62 | D        | Noticed a destroyer
    62 | D        | Killed a bag of meat
    62 | D        | Killed a bag of meat
    63 | D        | Noticed a bag of meat
    63 | D        | Killed a tyrant
    63 | D        | Killed a sculptor of flesh
    64 | D        | Noticed a bag of meat
    64 | D        | Noticed a dread
    64 | D        | Killed a dread
    64 | D        | Killed a bag of meat
    64 | D        | Killed a destroyer
    65 | D        | Noticed a bag of meat
    65 | D        | Killed a bag of meat
    65 | D        | Killed a meat berserker
    65 | D        | Killed a bag of meat
    66 | D        | Killed a nine-headed meat hydra
    66 | D        | Noticed a bag of meat
    67 | D        | Noticed a tyrant
    67 | D        | Killed a bag of meat
    68 | D        | Noticed a meat berserker
    68 | D        | Noticed a meat beast
    68 | D        | Killed a tyrant
    69 | D        | Noticed a bag of meat
    69 | D        | Noticed a large bag of meat
    69 | D        | Noticed a meat berserker
    69 | D        | Killed a large bag of meat
    69 | D        | Killed a meat berserker
    69 | D        | Killed a bag of meat
    70 | D        | Killed a bag of meat
    71 | D        | Noticed a meat berserker
    71 | D        | Killed a meat berserker
    72 | D        | Noticed a bag of meat
    72 | D        | Killed a meat beast
    72 | D        | Killed a bag of meat
    73 | D        | Killed a bag of meat
    74 | D        | Killed a bag of meat
    75 | D        | Killed a meat berserker
    77 | D        | Noticed a dread
    77 | D        | Noticed an accursed
    77 | D        | Killed a meat berserker
    77 | D        | Killed a large bag of meat
    78 | D        | Killed a tyrant
    79 | D        | Killed a bag of meat
    80 | D        | Killed a bag of meat
    80 | D        | Killed a bag of meat
    82 | D        | Noticed a meat berserker
    83 | D        | Noticed a meat beast
    85 | D        | Noticed a wretched soul
    85 | D        | Killed a meat berserker
    86 | D        | Noticed an eight-headed meat hydra
    87 | D        | Noticed a meat berserker
    87 | D        | Killed a meat beast
    87 | D        | Killed a dread
    88 | D        | Killed an accursed
    89 | D        | Noticed a meat berserker
    90 | D        | Noticed a meat beast
    91 | D        | Noticed a bag of meat
    92 | D        | Killed a wretched soul
    92 | D        | Killed a meat berserker
    93 | D        | Killed a meat beast
    94 | D        | Noticed a dread
    94 | D        | Killed a nine-headed meat hydra
    94 | D        | Killed a meat berserker
    97 | D        | Noticed a tyrant
   101 | D        | Killed a bag of meat
   102 | D        | Noticed a bag of meat
   105 | D        | Noticed a sculptor of flesh
   105 | D        | Noticed a meat berserker
   106 | D        | Killed a dread
   108 | D        | Noticed a tyrant
   109 | D        | Killed a bag of meat
   110 | D        | Killed a tyrant
   112 | D        | Killed a sculptor of flesh
   116 | D        | Noticed a meat berserker
   116 | D        | Learned a level 2 spell: Blink
   116 | D        | Noticed a bag of meat
   116 | D        | Noticed a dread
   118 | D        | Killed a meat berserker
   118 | D        | Killed a meat berserker
   119 | D        | Killed a bag of meat
   120 | D        | Noticed a meat berserker
   120 | D        | Noticed a meat berserker
   121 | D        | Killed a meat berserker
   121 | D        | Killed a dread
   122 | D        | Noticed a tyrant
   122 | D        | Noticed a large bag of meat
   122 | D        | Noticed The Captor
   122 | D        | Noticed a wretched soul
   123 | D        | Noticed a bag of meat
   123 | D        | Noticed a fleshlord
   123 | D        | Noticed a bag of meat
   123 | D        | Noticed an accursed
   124 | D        | Noticed a bag of meat
   124 | D        | Noticed a destroyer
   124 | D        | Noticed a bag of meat
   125 | D        | Noticed an observer
   125 | D        | Noticed a sculptor of flesh
   125 | D        | Killed a meat berserker
   126 | D        | Killed a large bag of meat
   127 | D        | Killed The Captor
   129 | D        | Killed an observer
   130 | D        | Killed a fleshlord
   131 | D        | Noticed a fleshlord
   131 | D        | Noticed a fleshlord
   131 | D        | Killed a bag of meat
   131 | D        | Killed a destroyer
   131 | D        | Killed a fleshlord
   132 | D        | Noticed a bag of meat
   132 | D        | Killed a sculptor of flesh
   133 | D        | Killed an accursed
   134 | D        | Noticed a bag of meat
   136 | D        | Noticed a fleshlord
   136 | D        | Noticed a meat beast
   136 | D        | Noticed a fleshlord
   136 | D        | Noticed a dread
   136 | D        | Killed a bag of meat
   137 | D        | Noticed a fleshlord
   137 | D        | Killed a meat beast
   138 | D        | Noticed a bag of meat
   138 | D        | Noticed a dread
   138 | D        | Noticed a meat berserker
   138 | D        | Noticed a sculptor of flesh
   139 | D        | Killed a bag of meat
   139 | D        | Killed a bag of meat
   140 | D        | Noticed a sculptor of flesh
   140 | D        | Killed a tyrant
   140 | D        | Killed a bag of meat
   141 | D        | Killed a fleshlord
   142 | D        | Killed a fleshlord
   142 | D        | Killed a dread
   142 | D        | Killed a sculptor of flesh
   143 | D        | Noticed a bag of meat
   143 | D        | Killed a meat berserker
   143 | D        | Killed a bag of meat
   143 | D        | Killed a bag of meat
   143 | D        | Killed a fleshlord
   144 | D        | Noticed a bag of meat
   146 | D        | Noticed a meat berserker
   146 | D        | Noticed a bag of meat
   146 | D        | Noticed a bag of meat
   146 | D        | Killed a fleshlord
   146 | D        | Killed a sculptor of flesh
   147 | D        | Killed a dread
   148 | D        | Noticed a bag of meat
   150 | D        | Noticed an observer
   151 | D        | Killed a meat berserker
   152 | D        | Noticed a meat berserker
   153 | D        | Noticed a meat beast
   153 | D        | Noticed an observer
   153 | D        | Noticed a fleshlord
   154 | D        | Killed a meat berserker
   154 | D        | Killed an observer
   156 | D        | Noticed a meat berserker
   156 | D        | Noticed a meat berserker
   157 | D        | Noticed a sculptor of flesh
   157 | D        | Killed a meat beast
   157 | D        | Killed a bag of meat
   157 | D        | Killed a bag of meat
   158 | D        | Noticed The Meatlord
   158 | D        | Noticed a sculptor of flesh
   158 | D        | Killed a bag of meat
   158 | D        | Killed a bag of meat
   158 | D        | Noticed a fleshlord
   158 | D        | Noticed a meat beast
   159 | D        | Noticed a meat berserker
   159 | D        | Killed a meat berserker
   159 | D        | Killed a bag of meat
   160 | D        | Noticed a meat berserker
   160 | D        | Noticed a meat beast
   160 | D        | Noticed a bag of meat
   160 | D        | Noticed a wretched soul
   160 | D        | Annihilated by a fleshlord

Vault maps used:
D:        meatsprint

Action                   |  1- 3 |  4- 6 |  7- 9 | 10-12 | 13-15 | 16-18 | 19-21 | 22-24 | 25-27 || total
-------------------------+-------+-------+-------+-------+-------+-------+-------+-------+-------++-------
Melee: Executioner's axe |     1 |       |       |     1 |     2 |     4 |     6 |     9 |    70 ||    93
 Cast: Apportation       |       |       |       |       |       |       |       |     1 |       ||     1
